 Dungeon Crawl Stone Soup version 0.22.1-2-g9c5b331383 (webtiles) character file.

924 JGreham the Poker (level 7, -2/61 HPs)
             Began as a Black Draconian Chaos Knight on Dec 27, 2018.
             Killed from afar by Grinder the Ice Fiend (9 damage)
             ... with a bolt of cold
             ... on level 5 of the Dungeon.
             The game lasted 00:11:26 (3446 turns).

JGreham the Poker (Black Draconian Chaos Knight)    Turns: 3446, Time: 00:11:27

Health: -2/61      AC:  6    Str: 21    XL:     7   Next: 84%
Magic:  0/7        EV: 15    Int: 12    God:    Xom [.*....]
Gold:   197        SH: 13    Dex: 16    Spells: 6/6 levels left

rFire    x . .     SeeInvis .   a - +0 spear (chaos)
rCold    + . .     Gourm    .   m - +0 large shield
rNeg     . . .     Faith    .   (armour unavailable)
rPois    .         Spirit   +   (helmet restricted)
rElec    +         Reflect  .   (no cloak)
rCorr    .         Harm     .   (no gloves)
MR       .....                  (no boots)
Stlth    +++.......             h - amulet of guardian spirit
HPRegen  0.20/turn              (no ring)
MPRegen  0.10/turn              d - ring of ice

@: mighty, agile, flying (expiring)
A: breathe lightning, unfitting armour, big wings, electricity resistance,
cold-blooded, AC +6
a: Breathe Lightning, Fly, Renounce Religion


You were on level 5 of the Dungeon.
You worshipped Xom.
You were a plaything of Xom.
You were hungry.

You visited 1 branch of the dungeon, and saw 5 of its levels.

You collected 197 gold pieces.

Inventory:

Hand Weapons
 a - a +0 spear of chaos (weapon)
 f - a +3 dagger
 p - a +0 long sword
 r - a +0 scythe
Armour
 m - a +0 large shield (worn)
Magical Staves
 q - an uncursed staff of fire {unknown}
Jewellery
 d - a ring of ice (right hand)
 e - an uncursed amulet of faith
 h - an amulet of guardian spirit (around neck)
 j - an uncursed amulet of harm {unknown}
Wands
 l - a wand of scattershot (4)
Scrolls
 c - a scroll of remove curse
Comestibles
 b - 5 rations


   Skills:
 + Level 5.5 Fighting
 + Level 0.9 Long Blades
 + Level 6.5 Polearms
 + Level 4.3 Dodging
 + Level 2.1 Stealth
 + Level 2.0 Shields


You had 6 spell levels left.
You didn't know any spells.
Your spell library contained the following spells:

 Spells                   Type           Power        Failure   Level  Hunger
 Ensorcelled Hibernation  Hex/Ice        #.....       100%        2    ###....
 Dazzling Spray           Conj/Hex       #.....       100%        3    ####...
 Cause Fear               Hex            #.........   100%        4    #####..
 Metabolic Englaciation   Hex/Ice        #.........   100%        5    ######.
 Invisibility             Hex            #.......     100%        6    #######


Dungeon Overview and Level Annotations

Branches:
Dungeon (5/15)
 Temple: D:4-7

Altars:
Hepliaklqana
Makhleb
The Shining One

Annotations:
D:5 Grinder


Innate Abilities, Weirdness & Mutations

You can breathe wild blasts of lightning.
Your glossy black scales are hard. (AC +6)
You cannot fit into any form of body armour.
You are resistant to electric shocks. (rElec)
You are cold-blooded and may be slowed by cold attacks.
Your large and strong wings let you fly indefinitely.


Message History

Your shadow imp hits the orc.
Your shadow imp hits the orc.
The orc dies!
Your shadow imp closely misses the orc.
Grinder grins, showing sharp teeth.
The orc hits your shadow imp with a hand axe.
Your shadow imp barely misses the orc.
The orc hits your shadow imp with a hand axe!
Your shadow imp dies!
You are starting to lose your buoyancy.
You feel agile all of a sudden. Grinder gestures at you.
The bolt of cold hits the orc.
The orc dies!
The bolt of cold hits you! You resist.
* * * LOW HITPOINT WARNING * * *
Grinder gestures at you. The bolt of cold hits you! You resist.
You die...
Xom thinks this is hilarious!

#.# ###.# ....Z.so #...#
.....WZ #.### .o..O.W
####.## ...o... #...[.#
....... #...).# ......#
#.....###########.....#
#.........@))15.)#
#.....##########........
#.....# ########.
#.....# #######


You could see Grinder the Ice Fiend and a crimson imp.

Vanquished Creatures
  Sigmund (D:5)
  A sky beast (D:3)
  A phantom (D:5)
  2 ogres
  A bullfrog (D:4)
  A crimson imp (D:5)
  A hound (D:2)
  Natasha (twice) (D:2)
  2 orc wizards (D:5)
  A worker ant (D:4)
  3 adders
  3 gnolls (D:5)
  3 worms
  4 dart slugs
  3 leopard geckos
  8 orcs
  3 giant cockroaches
  A goblin (shapeshifter) (D:3)
  7 goblins
  7 hobgoblins
  7 jackals (D:2)
  3 quokkas
  9 bats
  2 frilled lizards
  2 kobolds
  6 rats
84 creatures vanquished.

Vanquished Creatures (collateral kills)
  An orc (D:5)
1 creature vanquished.

Vanquished Creatures (others)
  An orc (D:5)
1 creature vanquished.

Grand Total: 86 creatures vanquished

Notes
Turn   | Place    | Note
-------+----------+-------------------------------------------
     0 | D:1      | JGreham the Draconian Chaos Knight began the quest for the
                  | Orb.
     0 | D:1      | Reached XP level 1. HP: 19/19 MP: 1/1
    45 | D:1      | XOM: harmless Conj miscast
   392 | D:1      | XOM: butterfly on damage
   393 | D:1      | Reached XP level 2. HP: 20/27 MP: 2/2
   402 | D:1      | Found a glowing golden altar of the Shining One.
   420 | D:1      | XOM: harmless Fire miscast
   702 | D:2      | Reached XP level 3. HP: 33/33 MP: 3/3
   798 | D:2      | Found a burning altar of Makhleb.
   873 | D:2      | Reached XP level 4. HP: 22/40 MP: 4/4
   973 | D:2      | Reached skill level 4 in Polearms
   976 | D:2      | Noticed Natasha
   988 | D:2      | Killed Natasha
   999 | D:2      | Found a faded altar of an unknown god.
  1077 | D:2      | Noticed Natasha
  1084 | D:2      | XOM: smoke on damage
  1088 | D:2      | Killed Natasha
  1265 | D:2      | Reached XP level 5. HP: 42/47 MP: 5/5
  1573 | D:3      | XOM: enchant monster (good)
  1620 | D:3      | Noticed a sky beast
  1624 | D:3      | XOM: noise
  1631 | D:3      | Killed a sky beast
  1631 | D:3      | Reached skill level 5 in Polearms
  1631 | D:3      | Reached skill level 1 in Stealth
  1692 | D:3      | HP: 1/47 [orc/mace (4)]
  2071 | D:3      | Found a hazy altar of Hepliaklqana.
  2119 | D:3      | Reached XP level 6. HP: 53/53 MP: 6/6
  2143 | D:3      | XOM: mild Ice miscast
  2404 | D:4      | XOM: confuse monster(s)
  2762 | D:4      | XOM: divination: detect items
  2767 | D:4      | XOM: divination: magic mapping
  2960 | D:4      | XOM: give mutation
  2960 | D:4      | Gained mutation: Your large and strong wings let you fly
                  | indefinitely. [Xom's grace]
  3181 | D:4      | Identified the Collected Works on Beguiling
  3243 | D:5      | Entered Level 5 of the Dungeon
  3276 | D:5      | Noticed Sigmund
  3289 | D:5      | Reached skill level 5 in Fighting
  3309 | D:5      | Killed Sigmund
  3309 | D:5      | Reached skill level 6 in Polearms
  3309 | D:5      | Reached skill level 1 in Shields
  3309 | D:5      | Your scales start taking on a glossy black colour.
  3309 | D:5      | Reached XP level 7. HP: 22/61 MP: 2/7
  3309 | D:5      | Gained mutation: You are resistant to electric shocks.
                  | (rElec) [Black Draconian growth]
  3352 | D:5      | XOM: fake destruction
  3379 | D:5      | Noticed Grinder
  3386 | D:5      | XOM: divination: detect creatures
  3408 | D:5      | XOM: divination: detect items
  3432 | D:5      | XOM: summons friendly shadow imp
  3435 | D:5      | Noticed Grinder
  3435 | D:5      | Grinder changed into Grinder the Ice Fiend
  3435 | D:5      | XOM: polymorph Grinder -> Grinder the Ice Fiend
  3446 | D:5      | Killed from afar by Grinder the Ice Fiend

Skill      XL: |  1  2  3  4  5  6  7 |
---------------+----------------------+-----
Fighting       | 4 5 |  5.5
Polearms       | 4 5 6 |  6.5
Dodging        | 3 4 |  4.3
Stealth        | 1 2 |  2.1
Shields        | 1 2 |  2.0
Long Blades    | |  0.9

Action                   |  1- 3 |  4- 6 |  7- 9 || total
-------------------------+-------+-------+-------++-------
Melee: Spear             |    97 |   207 |    66 ||   370
       Tailslap          |     9 |    21 |    10 ||    40
       Long sword        |       |     7 |       ||     7
  Use: Scroll            |     3 |     7 |       ||    10
       Potion            |       |     3 |     5 ||     8
 Stab: Petrifying        |     1 |       |       ||     1
       Distracted        |       |     1 |       ||     1
       Sleeping          |       |     1 |       ||     1
  Eat: Chunk             |       |     1 |       ||     1
       Ration            |       |     2 |       ||     2
Armor: Skin              |    18 |    68 |    12 ||    98
Dodge: Dodged            |    37 |    99 |    22 ||   158
Block: Large shield      |       |    21 |    39 ||    60
       Rpst.: Long sword |       |     1 |       ||     1
